 Dungeon Crawl Stone Soup version 0.24-a0-504-gcfb02b9d07 (webtiles) character file.

Game seed: 2156956486523324790

142 Mithandil the Conjurer (level 5, -3/28 HPs)
             Began as a Deep Elf Conjurer on July 16, 2019.
             Slain by an iguana (5 damage)
             ... on level 5 of the Dungeon.
             The game lasted 00:15:59 (3567 turns).

Mithandil the Conjurer (Deep Elf Conjurer)          Turns: 3567, Time: 00:15:59

Health: -3/28      AC:  4    Str:  6    XL:     5   Next: 3%
Magic:  10/13      EV: 13    Int: 20    God:
Gold:   110        SH:  0    Dex: 15    Spells: 1/12 levels left

rFire    . . .     SeeInvis .   a - +0 dagger
rCold    . . .     Gourm    .   (no shield)
rNeg     . . .     Faith    .   i - +0 leather armour
rPois    .         Spirit   .   (no helmet)
rElec    .         Reflect  .   (no cloak)
rCorr    .         Harm     .   (no gloves)
MR       .....                  h - +0 pair of boots
Stlth    ++........             (no amulet)
HPRegen  0.09/turn              (no ring)
MPRegen  0.13/turn              (no ring)

@: no status effects
A: no striking features
a: no special abilities


You were on level 5 of the Dungeon.
You were not hungry.

You visited 1 branch of the dungeon, and saw 5 of its levels.

You collected 110 gold pieces.

Inventory:

Hand Weapons
 a - a +0 dagger (weapon)
 g - a +0 dagger
Missiles
 e - 37 arrows
Armour
 b - a +0 robe
 f - a +0 large shield
 h - a +0 pair of boots (worn)
 i - a +0 leather armour (worn)
 o - a +0 ring mail
Wands
 n - a wand of enslavement (8)
Scrolls
 j - 3 scrolls of identify
 p - a scroll of enchant armour {unknown}
Potions
 d - a potion of brilliance
 k - a potion of degeneration {unknown}
 l - 2 potions of curing {unknown}
Comestibles
 c - 9 rations
 m - a chunk of flesh


   Skills:
 + Level 3.5 Dodging
 + Level 3.7 Stealth
 + Level 1.3 Shields
 + Level 4.0 Spellcasting
 + Level 5.1 Conjurations


You had one spell level left.
You knew the following spells:

 Your Spells              Type           Power        Failure   Level  Hunger
a - Magic Dart            Conj           ###.         2%          1    None
b - Searing Ray           Conj           ###...       3%          2    #......
c - Force Lance           Conj/Tloc      ##......     56%         4    ####...
d - Iskenderun's Mystic   Conj           ###.....     24%         4    ####...

Your spell library contained the following spells:

 Spells                   Type           Power        Failure   Level  Hunger
 Dazzling Spray           Conj/Hex       ##....       21%         3    ###....
 Fulminant Prism          Conj/Hex       ##........   56%         4    ####...


Dungeon Overview and Level Annotations

Branches:
Dungeon (4/15)
 Temple: D:4-7

Altars:
Fedhas
Hepliaklqana
Okawaru
Trog


Message History

The magic dart hits the iguana but does no damage.
The iguana misses you.
Casting: Magic Dart (safe; 2% risk of failure)
Confirm with . or Enter, or press ? or * to list all spells.
Aiming: Magic Dart (safe; 2% risk of failure)
Press: ? - help, Shift-Dir - straight line, f/p - iguana
Aim: an iguana The magic dart hits the iguana.
The iguana is moderately wounded.
The iguana bites you!
* * * LOW HITPOINT WARNING * * *
Casting: Magic Dart (safe; 2% risk of failure)
Confirm with . or Enter, or press ? or * to list all spells.
Aiming: Magic Dart (safe; 2% risk of failure)
Press: ? - help, Shift-Dir - straight line, f/p - iguana
Aim: an iguana (moderately wounded)
The magic dart hits the iguana.
The iguana is moderately wounded.
The iguana bites you.
You die...

#.# #.# #.#######.#
#.........# #.........#
#+## #.###.###.# ##...##
#.# #.###.# ##.....##
#.# #.##..# ##......^##
#.# #.#...####.........#
#.###........+.@.......+
#............#.l.......#
#####.#..###.##.......##
#.....## .###.....##
#.....#### # ##...##
#........# # ##'##
#.....##.#.# ###.####
#.....##.#.# #......#
#####......# #.#.##.#


You could see an iguana.

Vanquished Creatures
  2 worker ants
  A gnoll (D:1)
  2 adders (D:2)
  A worm (D:2)
  A dart slug (D:3)
  3 leopard geckos
  5 orcs (D:3)
  4 giant cockroaches
  5 hobgoblins
  4 jackals (D:3)
  4 quokkas
  A ball python (D:3)
  3 bats
  2 frilled lizards (D:1)
  7 goblins
  2 kobolds (D:1)
  5 rats
52 creatures vanquished.

Notes
Turn   | Place    | Note
-------+----------+-------------------------------------------
     0 | D:1      | Mithandil the Deep Elf Conjurer began the quest for the
                  | Orb.
     0 | D:1      | Reached XP level 1. HP: 10/10 MP: 6/6
   531 | D:1      | Reached XP level 2. HP: 15/15 MP: 6/8
   535 | D:1      | Learned a level 2 spell: Searing Ray
  1394 | D:2      | Reached XP level 3. HP: 19/19 MP: 4/9
  2012 | D:2      | Reached skill level 5 in Conjurations
  2012 | D:2      | Reached XP level 4. HP: 18/24 MP: 2/11
  2018 | D:2      | Learned a level 4 spell: Force Lance
  2311 | D:2      | Found an iron altar of Okawaru.
  2496 | D:2      | Found a hazy altar of Hepliaklqana.
  2593 | D:3      | Reached skill level 1 in Shields
  2961 | D:4      | Found a blossoming altar of Fedhas.
  3196 | D:3      | Reached XP level 5. HP: 26/28 MP: 8/13
  3236 | D:3      | Learned a level 4 spell: Iskenderun's Mystic Blast
  3252 | D:3      | Found a bloodstained altar of Trog.
  3479 | D:3      | You fall into a shaft and drop 2 floors!
  3479 | D:5      | Entered Level 5 of the Dungeon
  3567 | D:5      | Slain by an iguana

Levels and vault maps discovered:
D:1:      scummos_arrival_checkerplants, layout_loops_corners
D:2:      layout_loops_ring, lemuel_coloured_pillars_altar,
          kennysheep_okawaru_gauntlet, first_ration
D:3:      layout_loops_ring, bloody_trog
D:4:      layout_basic, fedhas_ov_isle_minmay
D:5:      layout_loops_corners, ebering_ghost_sewer_d, serial_shops, shop,
          kennysheep_little_box, enter_ossuary_4

Skill      XL: |  1  2  3  4 |
---------------+-------------+-----
Stealth        | 3 |  3.7
Dodging        | 3 |  3.5
Conjurations   | 5 |  5.1
Shields        | 1 |  1.3
Spellcasting   | 4 |  4.0

Action                   |  1- 3 |  4- 6 || total
-------------------------+-------+-------++-------
Melee: Dagger            |     7 |     7 ||    14
 Cast: Magic Dart        |    67 |    63 ||   130
       Searing Ray       |     1 |       ||     1
  Use: Scroll            |     1 |     1 ||     2
  Eat: Chunk             |     3 |     5 ||     8
Armor: Leather armour    |     2 |     4 ||     6
Dodge: Dodged            |    12 |    18 ||    30

Table legend:
 A = Non-vault XP
 B = Vault XP
 C = Vault XP percentage of total XP
 D = Non-vault monster count
 E = Vault monster count
 F = Vault count percentage of total count
                 A         B        C        D         E       F
            +---------+---------+-------+---------+---------+-------
      Total |     200 |       3 |   1.5 |      50 |       2 |   3.8
            +---------+---------+-------+---------+---------+-------
        D:1 |      35 |       0 |   0.0 |      14 |       0 |   0.0
        D:2 |      84 |       3 |   3.4 |      13 |       2 |  13.3
        D:3 |      81 |       0 |   0.0 |      23 |       0 |   0.0
            +---------+---------+-------+---------+---------+-------
